cohdb
Replays
Latest Replays
All Replays
Popular Replays
Top Player Replays
Match Explorer
How It Works
Community
CoH3 Stats
Reddit
Sign in to upload your games and track your stats! →
Sign in with Steam
Match 45999532
Unlisted
Match 45999532
Overview
Messages
Build Orders
End
Construct Section Command Post
Selects Canadian Shock Battlegroup
Infantry Section
Infantry Section
Infantry Section
Vickers Machine Gun Team
Grenade Package
Selects Attacking Spirit
Selects Canadian Shock Section
Construct Field Infirmary
Construct Platoon Command Post
Humber Armored Car
Humber Armored Car
Selects Incendiary Munitions
Selects Pyrotechnics
Unlock M3 Stuart Light Tanks
M3 Stuart Light Tank
Construct Field Infirmary
Canadian Shock Section
Skeng.Tecnica.International
banstyle
0
0
Comments
sign in to comment!
No comments posted yet!